 Dungeon Crawl Stone Soup version 0.19.0-2-gae57169 (webtiles) character file.

127036 kae the Fencer (level 16, -6/108 HPs)
             Began as a High Elf Gladiator on Nov 3, 2016.
             Was the Champion of Dithmenos.
             Mangled by a ghost moth (8 damage)
             ... on level 1 of the Spider Nest.
             The game lasted 01:05:32 (29022 turns).

kae the Fencer (High Elf Gladiator)                Turns: 29022, Time: 01:05:33

Health: -6/108     AC: 20    Str: 17    XL:     16   Next: 45%
Magic:  0/24       EV: 28    Int: 13    God:    Dithmenos [******]
Gold:   1427       SH: 10    Dex: 30    Spells: 0 memorised, 15 levels left

rFire  . . .     SeeInvis .     a - +9 long sword (drain)
rCold  . . .     Gourm    .     F - +0 troll leather armour
rNeg   . . .     Faith    .     o - +0 buckler
rPois  +         Spirit   .     A - +2 helmet
rElec  .         Reflect  +     n - +1 cloak
rCorr  .         Harm     .     D - +0 pair of gloves {Str+3}
MR     +....                    j - +1 pair of boots "Ciulea Behu" {Regen+ Dex+7}
Stlth  ++++......               s - +2 amulet of reflection
                                i - ring of poison resistance
                                v - +5 ring of protection

@: wreathed by umbra
A: frail 1
a: Shadow Step, Shadow Form, Renounce Religion


You were on level 1 of the Spider Nest.
You worshipped Dithmenos.
Dithmenos was exalted by your worship.
You were not hungry.

You visited 6 branches of the dungeon, and saw 26 of its levels.
You also visited: Sewer and Volcano.

You collected 2155 gold pieces.
You spent 728 gold pieces at shops.

Inventory:

Hand Weapons
 a - a +9 long sword of draining (weapon)
 b - a +1 dagger of speed
 c - a +0 great sword of protection
 G - a +0 long sword
Missiles
 d - 5 throwing nets (quivered)
Armour
 j - the +1 pair of boots "Ciulea Behu" (worn) {Regen+ Dex+7}
   (You bought it in a shop on level 7 of the Dungeon)

   It affects your dexterity (+7).
   It increases your rate of regeneration.
 n - a +1 cloak (worn)
 o - a +0 buckler (worn)
 A - a +2 helmet (worn)
 D - a +0 pair of gloves of strength (worn)
 F - a +0 troll leather armour (worn)
Jewellery
 i - a ring of poison resistance (right hand)
 s - a +2 amulet of reflection (around neck)
 v - a +5 ring of protection (left hand)
 I - an uncursed ring of stealth
 J - an uncursed amulet of guardian spirit
 Z - an uncursed ring of positive energy
Wands
 p - a wand of teleportation (5/9)
 r - a wand of slowing (14/48)
 z - a wand of polymorph (12/24)
 B - a wand of heal wounds (0/9)
 C - a wand of iceblast (0/15)
 R - a wand of hasting (3/9)
 S - a wand of teleportation (2/9)
Scrolls
 e - 2 scrolls of blinking
 l - a scroll of enchant armour
 m - 3 scrolls of enchant weapon
 t - 3 scrolls of amnesia
 u - 5 scrolls of teleportation
 E - 3 scrolls of remove curse
 H - a scroll of brand weapon
 L - 4 scrolls of identify
Potions
 q - a potion of resistance
 w - 6 potions of ambrosia
 K - 6 potions of curing
 Q - 4 potions of heal wounds
 U - a potion of flight
 V - a potion of haste
Books
 x - a book of Cantrips

   Spells                             Type                      Level
   a - Confusing Touch                Hexes                        1
   b - Animate Skeleton               Necromancy                   1
   c - Summon Small Mammal            Summoning                    1
   d - Apportation                    Translocation                1
Comestibles
 f - 14 bread rations
 g - 23 fruits
 h - a meat ration
 k - 3 beef jerkies
 M - a slice of pizza


   Skills:
 - Level 14.6 Fighting
 - Level 16.7 Long Blades
 - Level 2.0 Throwing
 + Level 10.9 Armour
 - Level 14.1 Dodging
 - Level 6.7 Shields
 - Level 10.5 Invocations
 - Level 6.2 Evocations


You had 15 spell levels left.
You didn't know any spells.

Dungeon Overview and Level Annotations

Branches:
Dungeon (15/15)            Temple (1/1) D:7            Lair (6/6) D:11
 Shoals (0/4) Lair:2       Spider (1/4) Lair:4        Slime (0/5) Lair:6
    Orc (2/2) D:9             Elf (1/3) Orc:2        Vaults (0/5) D:14
 Depths (0/5) D:15

Altars:
Ashenzari
Cheibriados
Dithmenos
Elyvilon
Fedhas
Gozag
Hepliaklqana
Kikubaaqudgha
Makhleb
Nemelex Xobeh
Okawaru
Qazlal
Ru
Sif Muna
Trog
Uskayaw
Vehumet
Xom
Yredelemnul
Zin
The Shining One

Shops:
D:6 (   D:7 *   D:10 }   Orc:2 (:[*=?   Elf:1 *

Annotations:
D:4 exclusion: ogre, Dowan
D:6 Monkfish's ghost, novice KoBe
D:7 2 exclusions
D:12 Frances
D:15 exclusion: Roxanne, Roxanne
Lair:4 exclusion: catoblepas
Lair:5 exclusion: 2 oklob plants


Innate Abilities, Weirdness & Mutations

You are frail. (-10% HP)


Message History

You feel you are being watched by something.
You feel your power leaking away.
You feel you are being watched by something.
You feel your power leaking away.
You feel you are being watched by something.
You feel your power leaking away. You block something's attack.
Deactivating autopickup; reactivate with Ctrl-A.
You block something's attack. Something completely misses you.
You feel you are being watched by something.
You block something's attack. Something hits you but does no damage.
Something stings you but does no damage.
The orb of destruction hits you!
* * * LOW HITPOINT WARNING * * *
You emit a cloud of dark smoke.
You feel you are being watched by something.
Something hits you!
* * * LOW HITPOINT WARNING * * *
You emit a cloud of dark smoke.
Something misses you. Something stings you!
You die...

#..#....§§*...........
###............*........
##..............§........
#........................
###............s..§........
#...^...........§§.........
##.......§§§...§.§..^......
##........§§§..§.§..........
#..........§@{.§.§...........
#.........*§§§§§§..^........
#.........§§§§§.............
##.......<..................
####.......†..............
##.....".†^...........
#.......†...........
#..................
#.................


You could see an orb spider.

Vanquished Creatures
  Rupert (D:15)
  Kirke (Elf:1)
  3 orc warlords
  A deep elf annihilator (Elf:1)
  A dire elephant (Lair:6)
  Azrael (Orc:2)
  An ettin (D:15)
  Erolcha (D:9)
  5 hydras
  An ogre mage (D:15)
  A merfolk avatar (Lair:6)
  6 centaur warriors
  A vault guard (D:14)
  A death knight (D:15)
  4 tengu warriors
  3 dancing weapons
  3 catoblepae
  4 orc high priests
  4 deep elf knights
  9 skeletal warriors
  An unseen horror (D:15)
  2 sea snakes (Lair:6)
  A wizard (D:15)
  A deep troll (D:15)
  2 harpies (Lair:6)
  A lindwurm (Lair:6)
  6 deep elf archers
  6 hill giants
  An orb spider (Spider:1)
  3 wolf spiders
  2 wolf spider zombies
  5 orc knights
  9 manticores
  9 orc sorcerers
  4 cyclopes
  16 deep elf magi
  2 guardian serpents
  20 elephants
  A black mamba (Lair:4)
  A gargoyle (D:15)
  10 spiny frogs
  2 torpor snails
  7 rime drakes
  3 freezing wraiths
  A demonic crawler (Spider:1)
  A kobold demonologist (D:13)
  An efreet (D:15)
  5 komodo dragons
  2 trolls
  2 jumping spiders
  A queen bee (D:12)
  4 polar bears (Lair:6)
  9 meliai
  3 two-headed ogres
  4 hornets (Lair:6)
  Prince Ribbit (D:8)
  11 blink frogs
  A harpy skeleton (D:15)
  A snapping turtle (Lair:2)
  An air elemental (Elf:1)
  15 hippogriffs
  2 slime creatures
  14 redbacks (Spider:1)
  A tarantella (Spider:1)
  2 vampires
  3 water elementals
  2 wraiths
  2 basilisks
  6 wyverns
  2 shadows
  6 fire elementals (Orc:1)
  57 yaks
  A fire bat (Volcano)
  2 hogs (Elf:1)
  A steam dragon (D:8)
  5 wargs
  A mottled dragon (D:14)
  A hell hound (Orc:2)
  13 water moccasins
  7 porcupines
  A meliai simulacrum (D:15)
  40 orc warriors
  3 sky beasts
  4 black bears
  6 ice beasts
  A phantom (D:8)
  13 ogres
  3 necrophages
  6 wolves
  A wolf (shapeshifter) (D:14)
  14 centaurs
  8 crocodiles
  15 bullfrogs
  A wyvern zombie (D:12)
  An earth elemental (Elf:1)
  2 scorpions
  A water moccasin skeleton (D:5)
  3 wights (D:11)
  22 killer bees (D:12)
  A howler monkey (D:10)
  6 electric eels
  3 centaur zombies
  10 crimson imps
  A bullfrog zombie (D:7)
  21 orc wizards
  4 bullfrog skeletons
  23 orc priests
  3 hounds
  13 jellies
  9 centaur skeletons
  2 iguanas
  6 hell rats
  12 worker ants
  A killer bee zombie (D:8)
  A howler monkey skeleton (D:6)
  14 adders
  A river rat (D:11)
  6 shadow imps
  3 oozes
  An adder zombie (D:5)
  An adder skeleton (D:9)
  5 worms
  2 dart slugs (D:3)
  7 leopard geckos
  122 orcs
  A ball python (D:3)
  7 giant cockroaches
  7 goblins
  10 hobgoblins
  8 jackals
  A quokka (D:2)
  A ball python skeleton (D:4)
  5 bats
  5 frilled lizards
  14 kobolds
  3 leopard gecko skeletons
  2 leopard gecko zombies
  14 rats
  A fungus (Lair:6)
  3 plants
863 creatures vanquished.

Vanquished Creatures (others)
  2 deep elf archers (Elf:1)
  A redback (Spider:1)
  2 humans (Elf:1)
  2 centaurs
  A bullfrog (D:12)
  An orc priest (Orc:2)
  An orc wizard (Orc:2)
  2 orcs (Orc:2)
  29 fungi
  17 plants
58 creatures vanquished.

Grand Total: 921 creatures vanquished

Notes
Turn   | Place    | Note
-------+----------+-------------------------------------------
     0 | D:1      | kae the High Elf Gladiator began the quest for the Orb.
     0 | D:1      | Reached XP level 1. HP: 14/14 MP: 2/2
    60 | D:1      | Reached skill level 4 in Long Blades
   260 | D:1      | Reached XP level 2. HP: 19/19 MP: 3/3
   609 | D:2      | Reached skill level 5 in Long Blades
   647 | D:2      | Found a shattered altar of Ashenzari.
   702 | D:2      | Reached XP level 3. HP: 24/24 MP: 4/4
   998 | D:2      | Found a sparkling altar of Nemelex Xobeh.
  1338 | D:2      | Found an iron altar of Okawaru.
  1458 | D:2      | Reached skill level 6 in Long Blades
  1458 | D:2      | Reached XP level 4. HP: 20/29 MP: 5/5
  2020 | D:3      | Found an ancient bone altar of Kikubaaqudgha.
  3423 | D:3      | Reached XP level 5. HP: 34/34 MP: 6/6
  3553 | D:3      | Reached skill level 7 in Long Blades
  3967 | D:4      | Noticed Dowan
  3988 | D:4      | Found a glowing silver altar of Zin.
  3994 | D:4      | Noticed an ogre
  4428 | D:4      | Reached skill level 8 in Long Blades
  4566 | D:4      | Noticed an ogre
  4767 | D:4      | Reached XP level 6. HP: 34/39 MP: 7/7
  5044 | D:5      | Entered Level 5 of the Dungeon
  5170 | D:5      | Reached skill level 9 in Long Blades
  5364 | D:5      | Noticed a sky beast
  5420 | D:5      | Killed a sky beast
  5420 | D:5      | Reached XP level 7. HP: 34/45 MP: 8/8
  5497 | D:5      | Reached skill level 10 in Long Blades
  5722 | D:5      | Found a glowing drain.
  5728 | Sewer    | Entered a sewer
  6344 | D:6      | Reached skill level 11 in Long Blades
  6485 | D:6      | Noticed Monkfish's ghost (novice KoBe)
  6807 | D:6      | Reached XP level 8. HP: 50/50 MP: 9/9
  6826 | D:6      | Found Meinal's Weapon Boutique.
  7267 | D:6      | Reached skill level 12 in Long Blades
  7421 | D:6      | Found a glowing golden altar of the Shining One.
  7746 | D:7      | Found Keesotte's Assorted Antiques.
  7749 | D:7      | Bought a runed long sword for 190 gold pieces
  8224 | D:7      | Found a staircase to the Ecumenical Temple.
  8233 | Temple   | Entered the Ecumenical Temple
  8309 | Temple   | Became a worshipper of Dithmenos the Shadowed
  8352 | D:7      | Identified a scroll of acquirement
  8603 | D:8      | Reached skill level 13 in Long Blades
  8895 | D:8      | Reached XP level 9. HP: 54/54 MP: 10/10
  8908 | D:8      | Reached skill level 1 in Shields
  9002 | D:8      | Reached skill level 14 in Long Blades
  9262 | D:8      | Noticed Prince Ribbit
  9324 | D:8      | Reached skill level 1 in Invocations
  9378 | D:8      | Killed Prince Ribbit
  9416 | D:9      | Found a burning altar of Makhleb.
  9416 | D:9      | Noticed Erolcha
  9561 | D:9      | Noticed a manticore
  9758 | D:9      | Reached * piety under Dithmenos
  9758 | D:9      | Reached skill level 5 in Dodging
 10307 | D:9      | Killed a manticore
 10473 | D:9      | Found a snail-covered altar of Cheibriados.
 10591 | D:10     | Entered Level 10 of the Dungeon
 10633 | D:10     | Noticed a hill giant
 10645 | D:10     | Killed a hill giant
 10645 | D:10     | Reached XP level 10. HP: 60/60 MP: 14/14
 10649 | D:10     | Reached skill level 5 in Invocations
 10680 | D:10     | Found Fiaxau Fong's Gadget Shoppe.
 10812 | D:10     | Noticed a hill giant
 10820 | D:10     | Killed a hill giant
 10860 | D:10     | Reached ** piety under Dithmenos
 10860 | D:10     | Reached skill level 5 in Shields
 11062 | D:7      | Bought a pair of fine boots for 190 gold pieces
 11072 | D:7      | Identified the +1 pair of boots "Ciulea Behu" {Regen+ Dex+7} (You bought it in a shop on level 7 of the Dungeon)
 11328 | D:9      | Killed Erolcha
 11390 | D:9      | Found a staircase to the Orcish Mines.
 11648 | D:11     | Found an iron altar of Okawaru.
 11665 | D:11     | Found a staircase to the Lair.
 11769 | D:11     | Reached XP level 11. HP: 64/64 MP: 17/17
 12055 | D:11     | Noticed a tengu warrior
 12339 | D:12     | Noticed a hill giant
 12342 | D:12     | Reached *** piety under Dithmenos
 12357 | D:12     | Killed a hill giant
 12573 | D:12     | Reached skill level 5 in Fighting
 12647 | D:12     | Noticed Frances
 12790 | D:12     | Reached skill level 10 in Dodging
 12838 | D:12     | Reached **** piety under Dithmenos
 12861 | D:12     | Noticed a soul eater
 12939 | Lair:1   | Entered Level 1 of the Lair of Beasts
 13667 | Lair:2   | Noticed a five-headed hydra
 13773 | Lair:2   | Reached XP level 12. HP: 59/81 MP: 19/19
 13870 | Lair:2   | Found a staircase to the Shoals.
 14234 | Lair:3   | Noticed a seven-headed hydra
 14453 | Lair:3   | Found a dark tunnel.
 14513 | Volcano  | Entered a volcano
 15070 | Lair:2   | Reached ***** piety under Dithmenos
 15433 | Lair:2   | Reached skill level 10 in Fighting
 15842 | Lair:4   | Found a hole to the Spider Nest.
 15908 | Lair:4   | Noticed a catoblepas
 16549 | Lair:4   | Reached XP level 13. HP: 82/95 MP: 20/20
 17987 | Lair:6   | Entered Level 6 of the Lair of Beasts
 19055 | Lair:6   | Paralysed by a hornet for 1 turns
 19333 | Lair:6   | Found a staircase to the Slime Pits.
 19376 | Lair:6   | Reached ****** piety under Dithmenos
 19888 | Lair:6   | Reached XP level 14. HP: 93/108 MP: 21/21
 21176 | Orc:1    | Entered Level 1 of the Orcish Mines
 21296 | Orc:2    | Entered Level 2 of the Orcish Mines
 21296 | Orc:2    | Found a staircase to the Elven Halls.
 21296 | Orc:2    | Noticed an orc warlord
 21314 | Orc:1    | Killed an orc warlord
 21314 | Orc:1    | Reached skill level 1 in Evocations
 21320 | Orc:2    | Noticed Azrael
 22037 | Orc:2    | Paralysed by an orc sorcerer for 3 turns
 22367 | Orc:2    | Killed Azrael
 22376 | Orc:2    | Paralysed by an orc sorcerer for 2 turns
 22439 | Orc:2    | Gained mutation: You are frail. (-10% HP) [a neqoxec]
 22552 | Orc:2    | Noticed an orc warlord
 22573 | Orc:2    | Killed an orc warlord
 22573 | Orc:2    | Reached skill level 15 in Long Blades
 22900 | Orc:2    | Found Vyabeij's Jewellery Boutique.
 22907 | Orc:2    | Found Riosurec's Magic Scroll Shoppe.
 22917 | Orc:2    | Noticed an orc warlord
 22959 | Orc:2    | Killed an orc warlord
 23044 | Orc:2    | Bought a scroll of identify for 30 gold pieces
 23044 | Orc:2    | Bought a scroll of identify for 30 gold pieces
 23044 | Orc:2    | Bought a scroll of identify for 30 gold pieces
 23232 | Orc:2    | Found Unorof's Antique Armour Shop.
 23233 | Orc:2    | Found Ogasaa's Antique Weapon Boutique.
 23234 | Orc:2    | Found Faskaloi's General Store.
 23234 | Orc:2    | Found Sistysue's Book Shop.
 23238 | Orc:2    | Bought a scroll of blinking for 90 gold pieces
 23250 | Orc:2    | Bought a scorched leather armour for 168 gold pieces
 23260 | Orc:2    | Identified the +1 leather armour of Nougi {+Blink MP+9 Dex-2} (You bought it in a shop on level 2 of the Orcish Mines)
 23794 | D:12     | Reached XP level 15. HP: 90/102 MP: 23/23
 23923 | D:13     | Reached skill level 5 in Evocations
 24102 | D:13     | Reached skill level 16 in Long Blades
 24395 | D:13     | Reached skill level 10 in Invocations
 25283 | D:14     | Found a gate to the Vaults.
 25707 | D:15     | Entered Level 15 of the Dungeon
 25814 | D:15     | Reached skill level 1 in Armour
 25931 | D:15     | Found a staircase to the Depths.
 26185 | D:15     | Reached skill level 5 in Armour
 26410 | D:15     | Paralysed by a wizard for 7 turns
 26612 | D:15     | Noticed Roxanne
 26716 | D:15     | Noticed Rupert
 26967 | D:15     | Killed Rupert
 27266 | D:15     | Reached XP level 16. HP: 108/108 MP: 24/24
 27660 | Elf:1    | Entered Level 1 of the Elven Halls
 27865 | Elf:1    | Noticed Kirke
 27898 | Elf:1    | Killed Kirke
 28111 | Elf:1    | Found Neamuq's General Store.
 28284 | Elf:1    | Found a magical portal.
 28405 | Elf:1    | Reached skill level 10 in Armour
 28755 | Spider:1 | Entered Level 1 of the Spider Nest
 29022 | Spider:1 | HP: 2/108 [something (9)]
 29022 | Spider:1 | Mangled by a ghost moth

Skill      XL: |  1  2  3  4  5  6  7  8  9 10 11 12 13 14 15 16 |
---------------+-------------------------------------------------+-----
Long Blades    | 4 5 6 8 9 11 13 14 15 16 | 16.7
Shields        | 4 6 |  6.7
Invocations    | 4 7 8 9 10 | 10.5
Dodging        | 6 8 10 12 13 14 | 14.1
Fighting       | 7 11 14 | 14.6
Evocations     | 4 6 |  6.2
Armour         | 7 10 | 10.9
Throwing       | |  2.0

Action                   |  1- 3 |  4- 6 |  7- 9 | 10-12 | 13-15 | 16-18 || total
-------------------------+-------+-------+-------+-------+-------+-------++-------
Melee: Long sword        |    94 |   272 |   334 |   697 |  1835 |   248 ||  3480
       Dagger            |       |       |       |       |   215 |       ||   215
Invok: Shadow Form       |       |       |       |       |     2 |       ||     2
       Shadow Step       |       |       |       |       |     1 |       ||     1
Evoke: Wand              |       |       |     2 |     2 |     8 |     2 ||    14
  Use: Scroll            |       |    13 |     8 |    10 |     9 |     3 ||    43
       Potion            |       |       |     4 |     3 |     1 |     1 ||     9
 Stab: Sleeping          |     2 |     1 |     1 |    13 |    17 |       ||    34
       Distracted        |     1 |       |       |     2 |     2 |     2 ||     7
       Invisible         |       |       |       |     7 |    21 |       ||    28
       Petrified         |       |       |       |       |     4 |       ||     4
  Eat: Chunk             |     2 |    13 |    16 |    19 |    35 |     6 ||    91
       Fruit             |       |       |       |     2 |     3 |       ||     5
Armor: Leather armour    |    23 |    75 |    75 |    51 |       |       ||   224
       Skin              |       |       |    17 |    14 |       |       ||    31
       Troll leather arm |       |       |       |    14 |   298 |    38 ||   350
Dodge: Dodged            |    56 |   112 |   124 |   414 |  1840 |   176 ||  2722
Block: Buckler           |     5 |    50 |    74 |   230 |   902 |   103 ||  1364
       Reflection        |       |     3 |     1 |       |    29 |    15 ||    48
       Rpst.: Long sword |    23 |    30 |    34 |   101 |   306 |    37 ||   531
